 Dungeon Crawl Stone Soup version 0.21-a0-349-g0c35859 (webtiles) character file.

627 nikopol the Chopper (level 7, -6/61 HPs)
             Began as a Minotaur Berserker on Oct 8, 2017.
             Was a Priest of Trog.
             Killed by nerve-wracking pain
             ... invoked by an orc priest
              (12 damage)
             ... on level 4 of the Dungeon.
             The game lasted 00:06:42 (3123 turns).

nikopol the Chopper (Minotaur Berserker)            Turns: 3123, Time: 00:06:43

Health: -6/61      AC: 11    Str: 21    XL:     7   Next: 23%
Magic:  6/6        EV:  9    Int:  4    God:    Trog [***...]
Gold:   131        SH:  0    Dex: 12    Spells: 6/6 levels left

rFire    . . .     SeeInvis .   a - +0 hand axe
rCold    . . .     Gourm    .   (no shield)
rNeg     . . .     Faith    .   h - +0 chain mail
rPois    .         Spirit   .   (helmet restricted)
rElec    .         Reflect  .   (no cloak)
rCorr    .         Harm     .   d - +0 pair of gloves
MR       .....                  (no boots)
Stlth    ..........             (no amulet)
HPRegen  0.20/turn              (no ring)
MPRegen  0.10/turn              (no ring)

@: lethally poisoned (-6 -> -10)
A: retaliatory headbutt, horns 2
a: Berserk, Trog's Hand, Burn Spellbooks, Renounce Religion


You were on level 4 of the Dungeon.
You worshipped Trog.
Trog was most pleased with you.
You were not hungry.

You visited 1 branch of the dungeon, and saw 4 of its levels.

You collected 131 gold pieces.

Inventory:

Hand Weapons
 a - a +0 hand axe (weapon)
 p - a +2 flail of venom
Missiles
 e - 40 arrows
Armour
 b - a +0 animal skin
 d - a +0 pair of gloves (worn)
 h - a +0 chain mail (worn)
Jewellery
 k - an uncursed ring of magical power
 w - an uncursed amulet of magic regeneration {unknown}
Scrolls
 g - a scroll of remove curse {unknown}
 j - a scroll of amnesia
 o - a scroll of enchant weapon {unknown}
 s - 2 scrolls of identify {unknown}
 u - 2 scrolls of teleportation {unknown}
 x - a scroll of fear {unknown}
Potions
 i - a potion of curing {unknown}
 m - a potion of haste {unknown}
 n - a potion of heal wounds {unknown}
 r - 2 potions of flight {unknown}
 v - a potion of magic {unknown}
Comestibles
 c - 3 bread rations
 f - 4 fruits
 l - a royal jelly
 q - 4 chunks of flesh
 t - a meat ration


   Skills:
 + Level 5.1 Fighting
 + Level 7.6 Axes
 + Level 5.2 Armour
 + Level 3.3 Dodging
 + Level 0.1 Stealth


You had 6 spell levels left.
You didn't know any spells.

Dungeon Overview and Level Annotations

Branches:
Dungeon (4/15)
 Temple: D:4-7

Altars:
The Shining One


Innate Abilities, Weirdness & Mutations

You reflexively headbutt those who attack you in melee.
You have a pair of horns on your head.


Message History

The worker ant closely misses you. You furiously retaliate!
You headbutt the worker ant!
Your chain mail prevents you from hitting the worker ant.
The worker ant is almost dead.
You feel sick.
The worker ant bites you but does no damage.
You closely miss the worker ant.
The worker ant is almost dead.
The orc priest mumbles some strange prayers to Beogh against you.
Beogh smites you!
* * * LOW HITPOINT WARNING * * *
The worker ant bites you but does no damage.
You hear a shout!
You slash the worker ant!
You kill the worker ant!
Trog accepts your kill.
You feel sick.
The orc priest mumbles some strange prayers to Beogh against you.
Pain shoots through your body!
You die...

...# #.##.....#
..(###.##.....# .o.
...#..........##...#.
####......#.#.#.#.#.##
....................<#
.....^....#.#.#.#o#.# ...
####....#............##...
######.#.#.#.#†#.#....
#..........@†.....#
#....#.#[#.#.#.#[.#
...........).......#
......###.#.#.#.#.#.#
...... ....?........#
#######.#.#.#.#.#.#.#
#.......[....<#
#.#.#.#.#.#.#.#
#...............


You could see an orc priest and an orc.

Vanquished Creatures
  The ghost of p0werm0de the Skirmisher, an amateur MiCK of Xom (D:4)
  A scorpion (D:4)
  4 orc wizards
  3 iguanas (D:4)
  A worker ant (D:4)
  3 gnolls (D:3)
  8 adders
  An ooze (D:3)
  An adder zombie (D:1)
  3 worms
  2 dart slugs
  4 leopard geckos
  12 orcs
  10 bats
  A bat zombie (D:1)
  6 giant cockroaches
  10 goblins
  8 hobgoblins
  A quokka (D:2)
  A ball python (D:1)
  6 frilled lizards
  5 kobolds
  5 rats
97 creatures vanquished.

Notes
Turn   | Place    | Note
-------+----------+-------------------------------------------
     0 | D:1      | nikopol the Minotaur Berserker began the quest for the Orb.
     0 | D:1      | Reached XP level 1. HP: 19/19 MP: 0/0
   399 | D:1      | Reached XP level 2. HP: 27/27 MP: 1/1
   466 | D:1      | Reached skill level 4 in Axes
   946 | D:2      | Reached XP level 3. HP: 33/33 MP: 2/2
   958 | D:2      | Reached ** piety under Trog
  1147 | D:2      | Found a faded altar of an unknown god.
  1214 | D:2      | Found a glowing golden altar of the Shining One.
  1230 | D:2      | Reached XP level 4. HP: 39/40 MP: 3/3
  1515 | D:3      | Reached skill level 5 in Axes
  1786 | D:3      | Reached XP level 5. HP: 28/47 MP: 4/4
  1787 | D:3      | Reached *** piety under Trog
  2256 | D:3      | Reached skill level 6 in Axes
  2787 | D:4      | Reached XP level 6. HP: 47/53 MP: 5/5
  3039 | D:4      | Noticed p0werm0de's ghost (amateur MiCK)
  3051 | D:4      | Killed p0werm0de's ghost
  3051 | D:4      | Reached skill level 7 in Axes
  3051 | D:4      | Reached XP level 7. HP: 60/60 MP: 6/6
  3078 | D:4      | Reached skill level 5 in Fighting
  3078 | D:4      | Reached skill level 5 in Armour
  3123 | D:4      | Killed from afar by an orc priest

Vault maps used:
D:1:      saegor_arrival_fortress
D:2:      tso_oasis_becter, chequers_ecumenical_altar_island
D:4:      st_stairs_11

Skill      XL: |  1  2  3  4  5  6  7 |
---------------+----------------------+-----
Axes           | 4 5 6 7 |  7.6
Fighting       | 4 5 |  5.1
Armour         | 3 4 5 |  5.2
Dodging        | 3 |  3.3
Stealth        | |  0.1

Action                   |  1- 3 |  4- 6 |  7- 9 || total
-------------------------+-------+-------+-------++-------
Melee: Hand axe          |    94 |   139 |    29 ||   262
       Headbutt          |    12 |    32 |     4 ||    48
Invok: Berserk           |       |     1 |       ||     1
  Use: Scroll            |       |     1 |       ||     1
  Eat: Chunk             |     1 |     6 |     1 ||     8
Armor: Animal skin       |     8 |       |       ||     8
       Chain mail        |    41 |    67 |    12 ||   120
Dodge: Dodged            |    48 |    77 |    12 ||   137

Table legend:
 A = Spawn XP
 B = Non-spawn XP
 C = Spawn XP percentage of total XP
 D = Spawn monster count
 E = Non-spawn monster count
 F = Spawn count percentage of total count
 G = Total turns spent on level
                    A         B        C        D         E        F      G
               +---------+---------+-------+---------+---------+-------+---------
         Total |       0 |     896 |   0.0 |       0 |      97 |   0.0 |  3123
               +---------+---------+-------+---------+---------+-------+---------
           D:1 |       0 |      37 |   0.0 |       0 |      20 |   0.0 |   929
           D:2 |       0 |      71 |   0.0 |       0 |      30 |   0.0 |   537
           D:3 |       0 |     209 |   0.0 |       0 |      30 |   0.0 |  1285
           D:4 |       0 |     579 |   0.0 |       0 |      17 |   0.0 |   372
               +---------+---------+-------+---------+---------+-------+---------
